 Dungeon Crawl Stone Soup version 0.28.0 (webtiles) character file.

Game seed: 1638653825965096136

408 Dhd the Chiller (level 6, 0/35 HPs)
             Began as a Deep Elf Ice Elementalist on Feb 6, 2022.
             Slain by a water moccasin skeleton (2 damage)
             ... on level 4 of the Dungeon on Feb 7, 2022.
             The game lasted 00:30:15 (4286 turns).

Dhd the Chiller (Deep Elf Ice Elementalist)         Turns: 4286, Time: 00:30:16

Health: 0/35       AC:  2    Str:  5    XL:     6   Next: 57%
Magic:  14/14      EV: 13    Int: 22    God:
Gold:   167        SH:  0    Dex: 15    Spells: 2/13 levels left

rFire   . . .      SeeInvis .   a - +2 dagger (flame)
rCold   . . .      Faith    .   (no shield)
rNeg    . . .      Spirit   .   f - +0 robe
rPois   .          Reflect  .   (no helmet)
rElec   .          Harm     .   (no cloak)
rCorr   .          Rampage  .   (no gloves)
Will    .....                   (no boots)
Stlth   ++........              (no amulet)
HPRegen 0.11/turn               (no ring)
MPRegen 0.14/turn               (no ring)

@: no status effects
A: no striking features
a: no special abilities


You were on level 4 of the Dungeon.
You visited 1 branch of the dungeon, and saw 4 of its levels.

You collected 167 gold pieces.

Inventory:

Hand Weapons
 a - a +2 dagger of flaming (weapon)
 b - a +0 hunting sling
 c - a +0 dagger
 t - a +2 quarterstaff of chaos
Missiles
 d - 69 stones
 m - 22 sling bullets
Armour
 f - a +0 robe (worn)
 i - a +0 leather armour
 r - a +3 scale mail of cold resistance
 s - a +0 leather armour
Wands
 l - a wand of iceblast (15)
 q - a wand of polymorph (1)
Scrolls
 e - 2 scrolls of enchant armour {unknown}
 h - 3 scrolls of identify
 n - a scroll of vulnerability {unknown}
 o - a scroll of amnesia {unknown}
 p - a scroll of holy word {unknown}
 v - a scroll of teleportation {unknown}
Potions
 g - a potion of might {unknown}
 j - 2 potions of flight {unknown}
 k - 3 potions of lignification
 u - 2 potions of curing {unknown}


   Skills:
 - Level 2.0 Fighting
 + Level 4.1 Dodging
 - Level 2.5 Stealth
 - Level 4.0 Spellcasting
 + Level 4.1 Conjurations
 + Level 5.6 Ice Magic


You had 2 spell levels left.
You knew the following spells:

 Your Spells              Type           Power      Damage    Failure   Level
a - Freeze                Ice            100%       1d11      1%          1
b - Ozocubu's Armour      Ice            29%        N/A       3%          3
v - Frozen Ramparts       Ice            58%        1d7       3%          3
x - Hailstorm             Conj/Ice       25%        3d7       16%         4

Your spell library contained the following spells:

 Spells                   Type           Power      Damage    Failure   Level
 Call Canine Familiar     Summ           4%         N/A       32%         3
 Portal Projectile        Hex/Tloc       8%         N/A       32%         3
 Leda's Liquefaction      Hex/Erth       2%         N/A       73%         4


Dungeon Overview and Level Annotations

Branches:
Dungeon (4/15)
 Temple: D:4-7

Altars:

Annotations:
D:2 exclusion: downstairs


Message History

You barely miss the water moccasin skeleton.
The water moccasin skeleton is lightly damaged.
The water moccasin skeleton closely misses you.
You hit the water moccasin skeleton. You burn the water moccasin skeleton.
The water moccasin skeleton is moderately damaged.
The water moccasin skeleton closely misses you.
You hit the water moccasin skeleton. You burn the water moccasin skeleton.
The water moccasin skeleton is heavily damaged.
The water moccasin skeleton barely misses you.
You hit the water moccasin skeleton. You burn the water moccasin skeleton.
The water moccasin skeleton is heavily damaged.
The water moccasin skeleton bites you.
You hit the water moccasin skeleton. You burn the water moccasin skeleton.
The water moccasin skeleton is severely damaged.
The water moccasin skeleton closely misses you.
The water moccasin skeleton barely misses you.
You barely miss the water moccasin skeleton.
The water moccasin skeleton is severely damaged.
The water moccasin skeleton bites you.
* * * LOW HITPOINT WARNING * * *
You hit the water moccasin skeleton. You burn the water moccasin skeleton.
The water moccasin skeleton is severely damaged.
The water moccasin skeleton bites you.
* * * LOW HITPOINT WARNING * * *
You hit the water moccasin skeleton. You burn the water moccasin skeleton.
The water moccasin skeleton is almost destroyed.
The water moccasin skeleton bites you but does no damage.
You hit the water moccasin skeleton. You burn the water moccasin skeleton.
The water moccasin skeleton is almost destroyed.
The water moccasin skeleton bites you.
* * * LOW HITPOINT WARNING * * *
You closely miss the water moccasin skeleton.
The water moccasin skeleton is almost destroyed.
The water moccasin skeleton bites you.
* * * LOW HITPOINT WARNING * * *
The water moccasin skeleton closely misses you.
You hit the water moccasin skeleton. You burn the water moccasin skeleton.
The water moccasin skeleton is almost destroyed.
The water moccasin skeleton bites you.
You die...

##. #.. #.# #.#
#####.####
##...#....##
##..........##
#....[....<..#
#...Z@.......###
#..............#
##..........##!...#
##...##...##
###.... ##########
###


You could see a water moccasin skeleton.

Vanquished Creatures
  A necrophage (D:3)
  A bullfrog (D:3)
  2 orc priests (D:3)
  Crazy Yiuf (D:3)
  Terence (D:3)
  An orc wizard (D:3)
  4 adders
  A worm (D:3)
  2 dart slugs (D:1)
  8 orcs (D:3)
  3 ball pythons
  3 bats
  5 endoplasms
  6 goblins
  7 hobgoblins
  6 jackals (D:1)
  6 quokkas
  3 frilled lizards
  8 kobolds
  4 rats
73 creatures vanquished.

Notes
Turn   | Place    | Note
-------+----------+-------------------------------------------
     0 | D:1      | Dhd the Deep Elf Ice Elementalist began the quest for the
                  | Orb.
     0 | D:1      | Reached XP level 1. HP: 10/10 MP: 6/6
   252 | D:1      | Reached XP level 2. HP: 15/15 MP: 8/8
   487 | D:1      | You fall into a shaft and drop 1 floor!
   776 | D:1      | Reached XP level 3. HP: 18/19 MP: 10/10
   895 | D:1      | Learned a level 3 spell: Frozen Ramparts
  1151 | D:2      | Reached skill level 5 in Ice Magic
  1387 | D:2      | Reached skill level 1 in Fighting
  1890 | D:2      | Reached XP level 4. HP: 25/25 MP: 9/12
  2306 | D:3      | Learned a level 4 spell: Hailstorm
  2321 | D:3      | Noticed Terence
  2392 | D:3      | Killed Terence
  2597 | D:3      | Reached skill level 1 in Conjurations
  2662 | D:3      | Noticed a bullfrog
  2666 | D:3      | Killed a bullfrog
  2667 | D:3      | Reached XP level 5. HP: 30/30 MP: 9/13
  3409 | D:3      | Reached XP level 6. HP: 35/35 MP: 9/14
  3647 | D:3      | Found a runed translucent door.
  3648 | D:3      | Noticed Crazy Yiuf
  3655 | D:3      | Learned a level 3 spell: Ozocubu's Armour
  3660 | D:3      | Killed Crazy Yiuf
  4141 | D:3      | Found a faded altar of an unknown god.
  4286 | D:4      | Slain by a water moccasin skeleton

Illustrated notes

Levels and vault maps discovered:
D:1:      dpeg_arrival_erosion, layout_rooms
D:2:      layout_loops_corners, minmay_misc_feat_iff
D:3:      layout_basic, hellmonk_ecumenical_altar_heavens_door,
          uniq_crazy_yiuf_cottage, uniq_terence
D:4:      layout_rooms

Skill      XL: |  1  2  3  4  5  6 |
---------------+-------------------+-----
Dodging        | 3 4 |  4.1
Spellcasting   | 4 |  4.0
Ice Magic      | 5 |  5.6
Fighting       | 1 2 |  2.0
Conjurations   | 2 3 4 |  4.1
Stealth        | |  2.5

Action                   |  1- 3 |  4- 6 || total
-------------------------+-------+-------++-------
Melee: Dagger            |     9 |    15 ||    24
 Fire: Hunting sling     |    68 |    25 ||    93
 Cast: Freeze            |    26 |    30 ||    56
       Frozen Ramparts   |     5 |    11 ||    16
       Hailstorm         |       |     9 ||     9
       Ozocubu's Armour  |       |     3 ||     3
  Use: Scroll            |       |     1 ||     1
 Stab: Sleeping          |     1 |       ||     1
Armor: Robe              |     7 |     2 ||     9
Dodge: Dodged            |    19 |    20 ||    39
